Map: Catallena LE (Void)

Players

Juxtapose

  • Race: Terran Terran
  • League: Gold
  • Spawn Location: 9:00

BLACKBEAR - Winner!

  • Race: Zerg Zerg
  • League: Gold
  • Spawn Location: 12:00

VOD

https://youtu.be/lMR-mPtspJs

Description

Overall, I still find my Terran game extremely weak. Widow Mines were not the way to go here, but my opponent was successfully, and sneakily, greedy with his fast second expansion.

Time

  • Played on: Aug. 27, 2017, 1:16 p.m.
  • Length: 13:22
Show
View Real Time Build Order
Export as new Build Order

Juxtapose Terran 

Build Orders: MMM Bio 

Get SALT Encoding   

  12  0:01  SCV  
  13  0:13  SCV  
  14  0:21  Supply Depot  
  14  0:25  SCV  
  15  0:43  SCV  
  15  0:49  Barracks  
  16  0:55  Refinery, SCV  
  17  1:07  SCV  
  17  1:08  Supply Depot  
  18  1:19  SCV  
  20  1:39  Orbital Command  
  19  2:01  Refinery, Marine  
  19  2:08  Command Center  
  20  2:19  Marine  
  21  2:27  Barracks  
  21  2:30  SCV  
  22  2:40  Barracks Reactor  
  22  2:42  SCV  
  23  2:58  Factory  
  23  3:10  Supply Depot  
  23  3:16  Barracks Tech Lab  
  23  3:17  Marine  
  24  3:23  Orbital Command  
  24  3:25  Marine  
  25  3:32  Engineering Bay  
  25  3:38  Supply Depot  
  25  3:43  SCV  
  25  3:47  Marine  
  25  3:48  Marine  
  28  3:49  Orbital Command  
  28  3:50  Stimpack  
  29  3:55  SCV  
  29  4:01  Factory Reactor  
  29  4:07  Starport  
  29  4:10  SCV  
  30  4:20  SCV  
  31  4:27  SCV  
  31  4:30  Terran Infantry Weapons Level 1  
  32  4:32  SCV  
  32  4:33  Marine x2  
  35  4:45  SCV  
  36  4:46  Widow Mine x2  
  36  4:48  Starport Tech Lab  
  39  4:57  SCV  
  40  5:06  Sensor Tower  
  40  5:09  Medivac  
  40  5:11  Marine x2  
  40  5:13  SCV  
  45  5:20  Refinery  
  45  5:23  Refinery  
  45  5:24  Marine  
  45  5:25  SCV  
  47  5:29  Widow Mine x2  
  51  5:39  Marine x2  
  53  5:47  Supply Depot  
  53  5:57  Marine x2, Medivac, Widow Mine x2  
  61  6:09  Supply Depot  
  61  6:12  SCV  
  61  6:15  Marine x2  
  64  6:23  Marine  
  64  6:24  SCV  
  66  6:27  Medivac  
  66  6:31  Supply Depot  
  68  6:33  Marine x2  
  68  6:36  SCV  
  68  6:38  Terran Infantry Armor Level 1  
  71  6:40  Marine  
  71  6:45  Armory  
  72  6:48  SCV  
  72  6:51  Marine  
  74  6:54  Supply Depot  
  74  6:57  Medivac  
  74  6:59  Concussive Shells  
  74  7:00  SCV  
  74  7:01  Marine x2  
  79  7:08  Marine  
  80  7:16  Supply Depot  
  80  7:18  Marine  
  80  7:19  Marine  
  80  7:20  Factory  
  82  7:24  SCV  
  82  7:26  Marine  
  82  7:27  Medivac  
  86  7:36  SCV  
  87  7:39  Marine x2  
  89  7:48  SCV  
  90  7:55  Marine  
  90  7:57  Marine  
  92  7:59  Raven  
  94  8:18  Marine x3  
  97  8:36  Marine x2  
  80  8:44  Marine  
  80  8:48  Factory Tech Lab  
  81  8:51  Hellbat x2  
  81  8:54  Marine x2  
  87  9:01  Marine  
  68  9:13  Siege Tank  
  68  9:16  Marine x2  
  73  9:19  Marine  
  73  9:20  Raven  
  73  9:23  Corvid Reactor  
  76  9:28  Terran Infantry Weapons Level 2  
  76  9:33  Marine  
  76  9:34  Marine  
  78  9:38  SCV  
  78  9:40  Marine  
  78  9:44  Combat Shields  
  80  9:45  Siege Tank  
  80  9:48  Command Center  
  80  9:50  SCV  
  80  9:51  Marine  
  80  9:52  Barracks  
  85  10:03  Medivac, SCV  
  86  10:15  SCV  
  86  10:17  Siege Tank  
  86  10:19  Marine x3  
  91  10:27  SCV  
  92  10:33  Medivac  
  94  10:37  Marine x3  
  94  10:40  Barracks Reactor  
  94  10:41  Barracks  
  100  10:50  Siege Tank  
  100  10:54  Marine x2  
  102  11:00  SCV, Marine  
  104  11:06  Supply Depot  
  104  11:12  SCV, Marine x2  
  104  11:15  Planetary Fortress  
  104  11:17  Marine  
  108  11:30  Supply Depot, Marine  
  109  11:34  Marine x3  
  95  12:14  Raven  
  93  12:33  SCV  
  93  12:35  SCV  
  95  12:38  Missile Turret  
  95  12:45  SCV  
  95  12:47  SCV  
  95  12:57  SCV  
  95  12:59  SCV  
Show
View Real Time Build Order
Export as new Build Order

BLACKBEAR Zerg - Winner!

Build Orders: Hatch First, Muta Ling Bane 

Get SALT Encoding   

  12  0:50  Drone x2  
  14  1:01  Hatchery  
  14  1:02  Extractor  
  14  1:03  Extractor  
  14  1:04  Drone x2  
  15  1:13  Overlord  
  15  1:14  Spawning Pool  
  14  1:23  Extractor  
  13  1:32  Drone  
  14  1:34  Drone  
  15  1:44  Drone  
  16  1:59  Drone  
  17  2:01  Queen  
  19  2:12  Queen  
  21  2:15  Drone  
  21  2:18  Drone  
  23  2:29  Drone x2  
  25  2:57  Hatchery  
  24  3:00  Drone x3  
  24  3:01  Baneling Nest  
  24  3:02  Drone  
  27  3:15  Overlord  
  27  3:26  Zergling x2  
  28  3:27  Overlord  
  28  3:33  Evolution Chamber  
  27  3:36  Drone  
  27  3:37  Extractor, Drone x2  
  27  3:39  Drone  
  30  3:48  Zergling x4  
  32  3:52  Zergling x2  
  32  3:53  Zergling x4  
  35  3:56  Zergling x2  
  35  4:02  Zergling x2  
  37  4:03  Zergling x2  
  37  4:04  Zergling x2  
  39  4:16  Drone x3  
  39  4:17  Drone  
  43  4:26  Drone x2  
  43  4:28  Drone x2  
  43  4:30  Drone  
  48  4:34  Lair  
  48  4:38  Overlord  
  48  4:46  Spore Crawler  
  47  4:55  Spore Crawler  
  47  4:57  Zerg Ground Armor Level 1  
  47  4:58  Spore Crawler  
  45  5:03  Roach Warren  
  45  5:04  Drone x2  
  45  5:05  Drone  
  47  5:07  Drone  
  47  5:09  Drone  
  47  5:10  Drone  
  47  5:13  Drone  
  51  5:16  Overlord  
  51  5:23  Extractor  
  51  5:26  Extractor, Baneling x2  
  51  5:27  Baneling x5  
  49  5:39  Centrifical Hooks  
  49  5:41  Zergling x8  
  49  5:42  Zergling x4  
  55  5:44  Zergling x2  
  56  5:58  Drone x3  
  56  5:59  Drone x2  
  61  6:11  Queen, Hydralisk Den  
  60  6:14  Drone  
  60  6:15  Drone x3  
  66  6:25  Spore Crawler  
  65  6:28  Infestation Pit  
  65  6:29  Pneumatized Carapace  
  65  6:31  Drone x2  
  66  6:43  Overlord x2  
  66  6:53  Zerg Ground Armor Level 2  
  66  6:58  Overseer  
  66  7:00  Overseer  
  66  7:02  Hydralisk x3  
  72  7:12  Drone x5  
  72  7:13  Drone  
  72  7:14  Drone  
  79  7:16  Drone  
  80  7:26  Spire  
  79  7:36  Baneling x4  
  79  7:37  Baneling x4  
  79  7:43  Extractor  
  78  7:44  Extractor  
  78  7:46  Spore Crawler  
  78  7:49  Spore Crawler, Drone x3  
  78  7:50  Drone x4  
  82  7:57  Baneling  
  82  7:58  Baneling x4  
  82  8:00  Overlord x2  
  82  8:03  Overlord  
  82  8:18  Drone x3  
  82  8:19  Drone x6  
  92  8:20  Drone x2  
  92  8:23  Overlord  
  92  8:25  Overlord  
  82  8:43  Hydralisk  
  82  8:44  Roach x3, Hydralisk, Zergling x2  
  82  8:45  Roach, Zergling x2  
  95  8:50  Mutalisk  
  89  9:21  Zerg Missile Weapons Level 1  
  89  9:22  Mutalisk x2  
  89  9:23  Mutalisk  
  89  9:24  Roach x3, Hydralisk x3  
  95  9:25  Roach  
  109  9:39  Zergling x4  
  109  9:40  Zergling x6  
  114  9:47  Evolution Chamber  
  114  9:52  Roach, Hydralisk x2  
  117  9:53  Roach  
  117  9:55  Overlord  
  117  9:57  Overlord x2  
  121  10:15  Hatchery  
  118  10:29  Mutalisk x4  
  118  10:30  Mutalisk x3  
  118  10:31  Zergling x6, Mutalisk x3  
  118  10:32  Zergling x2  
  118  10:35  Zerg Flyer Weapons Level 1  
  142  10:45  Zergling x8  
  142  10:47  Baneling x5  
  142  10:48  Baneling x5  
  142  10:49  Baneling x3  
  146  11:00  Nydus Network  
  146  11:01  Zergling x2, Overlord x2  
  146  11:02  Overlord  
  146  11:23  Baneling x3  
  146  11:24  Baneling x5  
  146  11:25  Baneling x5  
  146  11:26  Baneling  
  144  11:39  Zergling x10  
  150  11:40  Zergling x12  
  149  12:23  Roach, Hydralisk  
  149  12:24  Roach x5, Hydralisk, Zergling x2  
Tags
 
Add a new tag
Caveats
  • Supply blocks, unpowered buildings, or Contaminate may cause inaccurate times.
  • Supply counts are checked every 10 seconds.